 Dungeon Crawl Stone Soup version 0.31.0-11-ge490571c62 (webtiles) character file.

Game seed: 10675831374584356886

55 Kraboum the Cudgeller (level 3, -1/54 HPs)
             Began as a Troll Berserker on Feb 8, 2024.
             Was a Believer of Trog.
             Succumbed to a goblin's poison
             ... on level 3 of the Dungeon.
             The game lasted 00:06:58 (1208 turns).

Kraboum the Cudgeller (Troll Berserker)             Turns: 1208, Time: 00:06:59

Health: -1/54      AC: 21    Str: 25    XL:     3   Next: 67%
Magic:  2/2        EV:  1    Int:  3    God:    Trog [**....]
Gold:   84         SH:  0    Dex: 11    Spells: 2/2 levels left

rFire   . . .        a - +0 mace
rCold   . . .        (no shield)
rNeg    . . .        b - melded +0 animal skin
rPois   +            (helmet currently unavailable)
rElec   .            (cloak currently unavailable)
rCorr   .            (gloves unavailable)
SInv    .            (boots unavailable)
Will    ++...        (no amulet)
Stlth   +            p - +4 ring of slaying
HPRegen 2.09/turn    (no ring)
MPRegen 0.08/turn

%: no passive effects
@: lethally poisoned (-1 -> -5), tree-form, strong-willed, regenerating
A: stationary, stasis, torment immunity, boosted hp, large, unfitting armour,
(claws 3), regeneration 1, (shaggy fur 1), (tough skin 1)
a: Renounce Religion, Berserk, Trog's Hand


You were on level 3 of the Dungeon.
You worshipped Trog.
Trog was pleased with you.
You were a tree.
You visited 1 branch of the dungeon, and saw 3 of its levels.

You collected 84 gold pieces.

Inventory:

Hand Weapons
 a - a +0 mace (weapon)
 o - the +1 short sword of the Forsaken Planets {vamp, rElec rN+ rCorr Str-5 Int+2}
   (You found it on level 2 of the Dungeon)

   Str-5:     It affects your strength (-5).
   Int+2:     It affects your intelligence (+2).
   rElec:     It insulates you from electricity.
   rN+:       It protects you from negative energy.
   rCorr:     It protects you from acid and corrosion.
Missiles
 q - a throwing net (quivered)
Armour
 b - a +0 animal skin (melded)
Magical Staves
 g - a staff of conjuration
Jewellery
 p - a +4 ring of slaying (left branch)
Talismans
 h - a beast talisman (active)
Wands
 s - a wand of mindburst (8)
Scrolls
 c - 3 scrolls of immolation {unknown}
 d - a scroll of enchant weapon {unknown}
 e - 2 scrolls of fog {unknown}
 f - a scroll of silence {unknown}
 i - a scroll of revelation {unknown}
 j - 2 scrolls of identify {unknown}
 m - a scroll of amnesia {unknown}
Potions
 k - a potion of curing {unknown}
 n - a potion of enlightenment {unknown}
 r - a potion of mutation {unknown}


   Skills:
 + Level 2.8 Fighting
 * Level 3.6 Maces & Flails
 + Level 2.8 Dodging


You had 2 spell levels left.
You didn't know any spells.
Your spell library was empty.

Dungeon Overview and Level Annotations

Branches:
Dungeon (3/15)

Altars:


Innate Abilities, Weirdness & Mutations

You are a tree.
Your roots penetrate the ground, keeping you stationary.
You cannot be teleported.
You are immune to unholy pain and torment.
Your maximum health is greatly increased.
Your equipment is partially melded.
You are too large for most types of armour.
((You have claws for hands.))
Your natural rate of healing is unusually fast.
((You are covered in fur. (AC +1)))
((You have tough skin. (AC +1)))


Message History

You feel very sick. The goblin completely misses you.
You are too injured to fight recklessly!
You are too injured to fight recklessly!
You barely miss the goblin.
You feel very sick. The goblin hits you but does no damage.
You are more poisoned.
You barely miss the goblin.
You feel very sick.
The goblin hits you with a +2 dagger of venom.
* * * LOW HITPOINT WARNING * * *
The goblin barely misses you.
Your skin crawls.
You feel strong-willed.
You feel very sick.
The goblin hits you with a +2 dagger of venom.
* * * LOW HITPOINT WARNING * * *
You are lethally poisoned!
You completely miss the goblin.
* * * LOW HITPOINT WARNING * * *
You feel very sick. The goblin completely misses you.
It was a potion of lignification.
Your transformation has ended.
You turn into a tree.
Your +0 animal skin melds into your body.
Your roots penetrate the ground.
* * * LOW HITPOINT WARNING * * *
You feel very sick. The goblin hits you but does no damage.
You barely miss the goblin.
* * * LOW HITPOINT WARNING * * *
You feel very sick. The goblin hits you but does no damage.
You are more poisoned.
You thump the goblin!
You kill the goblin!
Trog accepts your kill.
You die...

... #.# #.....#
..... #.# #.....#
....# #.# #...).# #
.... #.###.....#
(.##.#.##..##<)...#
.....#.....##)†####
#....#......###
###.#...........#
......)♣..........#
...##.).......#...#
.....###.........#
....#. ........####
... # ###.....(.#
.. ###..##.# . #.#
.. ..


There were no monsters in sight!

Vanquished Creatures
  2 adders
  An orc (D:3)
  5 ball pythons
  5 endoplasms
  A giant cockroach (D:1)
  4 goblins
  2 jackals (D:2)
  4 kobolds (D:2)
  A quokka (D:1)
  6 bats
  6 rats
37 creatures vanquished.

Notes
Turn   | Place    | Note
-------+----------+-------------------------------------------
     0 | D:1      | Kraboum the Troll Berserker began the quest for the Orb.
     0 | D:1      | Reached XP level 1. HP: 22/22 MP: 0/0
   343 | D:1      | Reached skill level 3 in Maces & Flails
   343 | D:1      | Reached XP level 2. HP: 28/29 MP: 1/1
   484 | D:1      | Found a faded altar of an unknown god.
   694 | D:2      | Reached XP level 3. HP: 32/36 MP: 2/2
   891 | D:2      | Identified the +1 short sword of the Forsaken Planets
                  | {vamp, rElec rN+ rCorr Str-5 Int+2}
   906 | D:2      | Reached ** piety under Trog
  1205 | D:3      | HP: 1/36 [poisoned by a goblin]
  1208 | D:3      | Succumbed to a goblin's poison

Illustrated notes

Levels and vault maps discovered:
D:1:      dpeg_arrival_connections, layout_basic,
          shapermc_ecumenical_altar_mp_vishouse, serial_bayou_crossing
D:2:      layout_basic, minmay_pentomino_s2
D:3:      layout_rooms, grunt_dithmenos_smoke, nemelex_dance_club_becter,
          zin_angel, amcnicky_altar_gilded

Skill      XL: |  1 |
---------------+----+-----
Maces & Flails | 3 |  3.6
Fighting       | |  2.8
Dodging        | |  2.8

Action                     || total
---------------------------++-------
  Melee: Mace              ||    97
 Invoke: Trog's Hand       ||     1
    Use: Potion            ||     1
   Stab: Sleeping          ||     1
 Armour: Animal skin       ||    82
         Skin              ||     2
  Dodge: Dodged            ||    67
   Form: Beast             ||     1
